 Dungeon Crawl Stone Soup version 0.20.1-1-g8b1a95d (webtiles) character file.

221974 Mitsuki the Warrior (level 19, -1/209 HPs)
             Began as a Hill Orc Fighter on Oct 5, 2017.
             Was the Champion of Okawaru.
             Slain by a nagaraja
             ... wielding a cursed -3 halberd
              (4 damage)
             ... on level 4 of the Snake Pit on Oct 6, 2017.
             The game lasted 03:02:51 (50269 turns).

Mitsuki the Warrior (Hill Orc Fighter)             Turns: 50269, Time: 03:02:52

Health: -1/209     AC: 29    Str: 41    XL:     19   Next: 61%
Magic:  8/29       EV:  6    Int: 21    God:    Okawaru [******]
Gold:   2098       SH: 29    Dex:  6    Spells: 18/18 levels left

rFire    + + +     SeeInvis +   b - +5 demon trident "Viujeam" {flame, rF+ rC+}
rCold    + . .     Gourm    .   A - +8 shield "Cudepp" {+Fly}
rNeg     . . .     Faith    .   T - +2 plate armour {rF+}
rPois    +         Spirit   .   f - +0 hat
rElec    +         Reflect  +   d - +2 cloak {rPois}
rCorr    .         Harm     .   k - +2 pair of gloves of the Sailor {rPois rC- Regen+}
MR       ++...     Clarity  +   X - +0 pair of boots "Roahooc" {rElec Str+7 Int+10} (curse)
Stlth    ..........             n - +4 amulet of reflection
Regen    0.9/turn               K - ring "Qemapp" {Str+5 Dex-4 SInv Stlth+}
MPRegen  0.3/turn               o - ring of Xom's Recklessness {Str+2 Int+3}

@: constricted, very slow
A: horns 1, talons 1, rugged brown scales 1, clarity, cold resistance 1, fire
resistance 1, magic resistance 1, robust 1
a: Heroism, Finesse, Renounce Religion, Evoke Flight


You were on level 4 of the Snake Pit.
You worshipped Okawaru.
Okawaru was exalted by your worship.
You were very hungry.

You visited 7 branches of the dungeon, and saw 29 of its levels.
You visited the Abyss 2 times.
You also visited: Bailey.

You collected 3550 gold pieces.
You spent 1452 gold pieces at shops.

Inventory:

Hand Weapons
 b - the +5 demon trident "Viujeam" (weapon) {flame, rF+ rC+}
   (Okawaru gifted it to you on level 1 of the Elven Halls)

   It has been specially enchanted to burn those struck by it, causing extra
   injury to most foes and up to half again as much damage against particularly
   susceptible opponents.
   It protects you from fire.
   It protects you from cold.
 N - a +2 trident of piercing
Missiles
 e - 4 javelins of returning (quivered)
Armour
 d - a +2 cloak of poison resistance (worn)
 f - a +0 hat (worn)
 k - the +2 pair of gloves of the Sailor (worn) {rPois rC- Regen+}
   (Okawaru gifted it to you on level 1 of the Shoals)

   It makes you vulnerable to cold.
   It protects you from poison.
   It increases your rate of regeneration.
 A - the +8 shield "Cudepp" (worn) {+Fly}
   (Okawaru gifted it to you on level 3 of the Elven Halls)

   It lets you fly.
 D - the +3 leather armour "Qarait" {+Fly Int+2 Stlth-, unknown}
   (You found it on level 1 of the Snake Pit)

   It affects your intelligence (+2).
   It lets you fly.
   It makes you less stealthy.
 J - a +2 large shield
 M - the cursed +1 robe "Tuece" {Int+3, unknown}
   (You found it on level 3 of the Snake Pit)

   It affects your intelligence (+3).
   It has a curse placed upon it.
 T - a +2 plate armour of fire resistance (worn)
 X - the cursed +0 pair of boots "Roahooc" (worn) {rElec Str+7 Int+10}
   (You found it on level 3 of the Elven Halls)

   It affects your strength (+7).
   It affects your intelligence (+10).
   It insulates you from electricity.
   It has a curse placed upon it.
Jewellery
 h - a +2 ring of slaying
 n - a +4 amulet of reflection (around neck)
 o - the ring of Xom's Recklessness (right hand) {Str+2 Int+3}
   (You took it off a deep elf master archer on level 2 of the Elven Halls)

   [ring of strength]

   It affects your strength (+2).
   It affects your intelligence (+3).
 K - the ring "Qemapp" (left hand) {Str+5 Dex-4 SInv Stlth+}
   (You bought it in a shop on level 3 of the Snake Pit)

   [ring of see invisible]

   It affects your strength (+5).
   It affects your dexterity (-4).
   It lets you see invisible.
   It makes you more stealthy.
 L - a +4 ring of evasion {unknown}
 P - an uncursed ring of positive energy
 Q - an uncursed amulet of magic regeneration {unknown}
Wands
 m - a wand of iceblast (15/15)
 y - a wand of confusion (34/48)
 B - a wand of clouds (2/9)
 C - a wand of disintegration (5/24)
Scrolls
 c - a scroll of enchant armour
 i - 6 scrolls of fear
 l - 3 scrolls of blinking
 q - 2 scrolls of fog
 t - 13 scrolls of teleportation
 E - a scroll of remove curse
 F - 5 scrolls of magic mapping
 I - 4 scrolls of identify
 O - a scroll of brand weapon {unknown}
Potions
 u - a potion of resistance
 w - a potion of flight
 x - 5 potions of curing
 z - a potion of brilliance
 G - a potion of berserk rage
 H - a potion of haste
 U - a potion of ambrosia
Books
 s - Roxanne's Papyrus of Earth
   (You took it off Roxanne on level 1 of the Snake Pit)

   Spells                             Type                      Level
   a - Sandblast                      Earth                        1
   b - Stone Arrow                    Conjuration/Earth            3
   c - Petrify                        Transmutation/Earth          4
   d - Lee's Rapid Deconstruction     Earth                        5
   e - Statue Form                    Transmutation/Earth          6
Miscellaneous
 a - a lamp of fire
 r - a sack of spiders
 R - a fan of gales (inert)
 S - a phial of floods (inert)
Comestibles
 g - a bread ration
 j - 19 fruits
 p - 4 meat rations
 v - 3 royal jellies


   Skills:
 + Level 20.2 Fighting
 + Level 16.3 Polearms
 + Level 16.5 Armour
 + Level 18.8 Shields
 - Level 11.1 Invocations
 + Level 14.6 Evocations


You had 18 spell levels left.
You didn't know any spells.

Dungeon Overview and Level Annotations

Branches:
Dungeon (12/15)            Temple (1/1) D:4            Lair (6/6) D:11
 Shoals (1/4) Lair:4        Snake (4/4) Lair:3        Slime (0/5) Lair:5
    Orc (2/2) D:12            Elf (3/3) Orc:2

Altars:
Ashenzari
Cheibriados
Dithmenos
Elyvilon
Fedhas
Gozag
Hepliaklqana
Kikubaaqudgha
Makhleb
Nemelex Xobeh
Okawaru
Qazlal
Ru
Sif Muna
Trog
Uskayaw
Vehumet
Xom
Yredelemnul
Zin
The Shining One
Beogh

Shops:
Orc:2 *[:(   Elf:1 (   Snake:3 [}=%


Innate Abilities, Weirdness & Mutations

You have a pair of small horns on your head.
You have sharp toenails.
You are partially covered in rugged brown scales. (AC +1, +3% HP)
You possess an exceptional clarity of mind.
Your flesh is cold resistant. (rC+)
Your flesh is heat resistant. (rF+)
You are resistant to hostile enchantments. (MR+)
You are robust. (+10% HP)


Message History

A naga is wielding a dire flail of holy wrath.
As you read the scroll of fear, it crumbles to dust.
You assume a fearsome visage.
The naga looks frightened!
The naga warrior looks frightened!
The naga looks frightened!
The nagaraja resists with almost no effort.
The sea snake looks frightened! x2
The nagaraja resists with almost no effort.
The sea snake looks frightened!
The naga looks frightened!
The nagaraja resists with almost no effort.
The naga mage looks frightened! x2; The nagaraja looks frightened!
The nagaraja resists with almost no effort.
The naga looks frightened!
The nagaraja resists with almost no effort.
The naga warrior looks frightened!
The guardian serpent looks frightened!
The sea snake looks frightened!
The naga looks frightened!
The sea snake looks frightened!
The naga warrior looks frightened!
The nagaraja spits poison at you. The splash of poison hits you! You resist.
* * * LOW HITPOINT WARNING * * *
You die...

.N.....##
..N..S##
##..≈#
.N....#
####≈.≈≈###
......#
#≈≈≈≈.N≈≈.##
#####.#
##≈≈≈≈...N..#
# ###
#≈≈≈...≈≈≈≈.#
#≈≈.≈≈S≈≈≈.#
#≈N≈≈≈≈≈N..
#N@S≈NN.S≈
≈≈≈≈≈
#.N≈N...≈≈
≈≈≈≈≈
#.N.N.N.≈≈
≈≈≈≈≈
#SS≈N.N.≈≈
.....
#.S≈≈≈≈..≈
.....
≈.≈≈≈≈≈N..
.###.
≈.≈≈≈≈≈≈.# #.
≈≈.N.≈≈≈≈.#


You could see 3 naga warriors, 6 nagarajas, 5 sea snakes, a guardian serpent
(fleeing), 2 naga magi and 5 nagas.

Vanquished Creatures
  A bone dragon (Abyss:2)
  2 deep elf master archers
  2 deep elf blademasters
  Asterion (Snake:1)
  The ghost of OmG the Evocator, an adept DsAr of Nemelex Xobeh (Elf:3)
  A tentacled starspawn (Abyss:2)
  Frances (Snake:1)
  Gastronok (Lair:3)
  A nagaraja (Snake:2)
  Roxanne (Snake:1)
  6 deep elf sorcerers
  5 deep elf elementalists (Elf:3)
  An orc warlord (Orc:1)
  9 deep elf demonologists
  Azrael (Orc:2)
  A lorocyproca (Abyss:2)
  7 deep elf annihilators
  3 merfolk impalers (Shoals:1)
  The ghost of tailblues the Thaumaturge, a journeyman DgWz (D:12)
  Snorg (Lair:6)
  7 deep elf death magi (Elf:3)
  3 deep elf high priests (Elf:3)
  A great orb of eyes (Abyss:2)
  8 naga warriors
  7 hydras
  A merfolk aquamancer (Shoals:1)
  A merfolk avatar (Shoals:1)
  10 anacondas
  A satyr (Shoals:1)
  2 two-headed ogres
  26 dancing weapons
  An orc high priest (Elf:1)
  3 shock serpents
  8 naga sharpshooters
  18 deep elf knights
  3 wretched stars (Abyss:2)
  A glowing orange brain (Abyss:2)
  4 large abominations
  5 sea snakes
  3 naga ritualists
  19 deep elf archers
  7 orc knights (Orc:1)
  Pikel (D:7)
  8 mana vipers
  7 orc sorcerers
  76 deep elf magi
  3 manticores
  2 cyclopes
  4 fauns (Shoals:1)
  A salamander (Snake:2)
  2 ugly things
  2 merfolk sirens (Shoals:1)
  A centaur zombie (D:12)
  A water nymph (Shoals:1)
  The ghost of Mitsuki the Skirmisher, a novice HOFi (D:6)
  8 naga magi
  An apocalypse crab (Abyss:2)
  5 elephants
  2 guardian serpents
  The ghost of Danqa the Chopper, a novice HOFi of Beogh (D:5)
  A water nymph (shapeshifter) (Elf:3)
  22 black mambas
  A gargoyle (D:12)
  2 torpor snails
  34 spiny frogs
  A rime drake (Lair:5)
  3 komodo dragons
  An efreet (Abyss:2)
  11 trolls
  A jumping spider (shapeshifter) (Elf:3)
  2 wind drakes (Shoals:1)
  16 merfolk (Shoals:1)
  4 tyrant leeches (Lair:6)
  3 slime creatures (D:12)
  3 polar bears
  A hornet (D:10)
  12 hippogriffs
  Prince Ribbit (D:7)
  4 dream sheep (Lair:6)
  19 blink frogs
  A raiju (Abyss:2)
  A snapping turtle (Shoals:1)
  11 water elementals
  4 air elementals
  2 wyverns
  2 vampires
  A shadow (Abyss:2)
  A wraith (D:10)
  The ghost of JaMaZz the Chopper, an amateur MiBe of Trog (D:4)
  The ghost of Mitsuki the Skirmisher, an amateur HOFi (D:3)
  3 fire elementals
  Grum (D:9)
  2 small abominations (Abyss:2)
  A steam dragon (D:9)
  A basilisk (D:11)
  54 yaks
  6 vampire mosquitoes (Lair:6)
  3 hungry ghosts
  2 chaos spawn (Abyss:2)
  Menkaure (D:5)
  25 nagas
  3 wargs
  23 water moccasins
  A spatial vortex (Abyss:2)
  3 hell hounds (Orc:2)
  11 porcupines
  48 orc warriors
  4 sky beasts
  4 black bears
  An eye of draining (D:10)
  A necrophage (D:9)
  4 ice beasts
  A phantom (D:9)
  9 ogres
  12 wolves
  14 centaurs
  21 crocodiles
  A big kobold (D:10)
  4 earth elementals
  25 bullfrogs
  A water moccasin zombie (D:5)
  6 scorpions
  3 wyvern skeletons
  A howler monkey (D:5)
  4 electric eels
  2 bullfrog zombies
  3 crimson imps
  3 starcursed masses (Abyss:2)
  7 jellies
  2 hounds
  A bullfrog skeleton (D:5)
  4 centaur skeletons
  11 orc priests
  20 orc wizards
  An iron imp (Abyss:2)
  5 hell rats (Lair:6)
  Ijyb (D:3)
  7 iguanas
  7 worker ants
  A hound zombie (D:6)
  A worker ant zombie (D:5)
  Robin (D:3)
  18 adders
  5 gnolls
  4 oozes
  An adder zombie (D:10)
  2 worms
  4 dart slugs
  3 leopard geckos
  113 orcs
  A ball python (D:1)
  6 giant cockroaches
  21 goblins
  3 hobgoblins
  7 jackals
  8 kobolds
  4 quokkas
  7 bats
  6 frilled lizards
  6 rats
1079 creatures vanquished.

Vanquished Creatures (collateral kills)
  A naga warrior (Snake:1)
  A naga (Snake:1)
2 creatures vanquished.

Vanquished Creatures (others)
  Aizul (Snake:1)
  A golden eye (shapeshifter) (Elf:3)
  A naga (Snake:4)
  A slave (D:7)
  An ufetubus (Abyss:2)
  63 fungi
  A lurking horror (Abyss:2)
  72 plants
  7 starspawn tentacles (Abyss:2)
148 creatures vanquished.

Grand Total: 1229 creatures vanquished

Notes
Turn   | Place    | Note
-------+----------+-------------------------------------------
     0 | D:1      | Mitsuki the Hill Orc Fighter began the quest for the Orb.
     0 | D:1      | Reached XP level 1. HP: 19/19 MP: 1/1
   360 | D:1      | Reached XP level 2. HP: 27/27 MP: 2/2
   537 | D:2      | Reached skill level 4 in Fighting
   556 | D:2      | Reached XP level 3. HP: 9/33 MP: 3/3
   888 | D:2      | Found a faded altar of an unknown god.
  1001 | D:2      | Found a sparkling altar of Nemelex Xobeh.
  1416 | D:2      | Reached XP level 4. HP: 41/41 MP: 4/4
  1547 | D:3      | Noticed Robin
  1576 | D:3      | Killed Robin
  1953 | D:3      | Reached XP level 5. HP: 27/47 MP: 5/5
  2305 | D:3      | Reached skill level 5 in Fighting
  2554 | D:3      | Noticed Ijyb
  2557 | D:3      | Noticed Mitsuki's ghost (amateur HOFi)
  2564 | D:3      | Killed Ijyb
  3175 | D:2      | Reached XP level 6. HP: 40/56 MP: 6/6
  3921 | D:4      | Found a staircase to the Ecumenical Temple.
  3930 | Temple   | Entered the Ecumenical Temple
  3988 | Temple   | Became a worshipper of Warmaster Okawaru
  4223 | D:4      | Noticed JaMaZz's ghost (amateur MiBe)
  4453 | Temple   | Reached skill level 5 in Armour
  4521 | D:4      | Killed JaMaZz's ghost
  4521 | D:4      | Reached skill level 5 in Shields
  4521 | D:4      | Reached skill level 1 in Invocations
  4521 | D:4      | Reached skill level 1 in Evocations
  4521 | D:4      | Reached XP level 7. HP: 59/61 MP: 6/8
  4556 | D:4      | Reached * piety under Okawaru
  5192 | D:3      | Killed Mitsuki's ghost
  5192 | D:3      | Reached skill level 6 in Fighting
  5245 | D:5      | Entered Level 5 of the Dungeon
  5387 | D:5      | Noticed Menkaure
  5394 | D:5      | Killed Menkaure
  5394 | D:5      | Reached XP level 8. HP: 37/70 MP: 4/10
  5795 | D:5      | Noticed Danqa's ghost (novice HOFi)
  5847 | D:5      | Killed Danqa's ghost
  5847 | D:5      | Reached skill level 5 in Polearms
  6160 | D:5      | Reached ** piety under Okawaru
  6255 | D:5      | Got a pair of spiked boots
  6325 | D:5      | Identified the cursed +0 pair of boots of Catatonia {Slay+2} (You found it on level 5 of the Dungeon)
  6575 | D:6      | Noticed Mitsuki's ghost (novice HOFi)
  6604 | D:6      | Killed Mitsuki's ghost
  6604 | D:6      | Reached skill level 7 in Fighting
  6604 | D:6      | Reached XP level 9. HP: 74/79 MP: 9/12
  6780 | D:6      | Noticed a troll
  6796 | D:6      | Killed a troll
  6796 | D:6      | Reached skill level 5 in Invocations
  7013 | D:6      | Reached *** piety under Okawaru
  7666 | D:7      | Noticed Prince Ribbit
  7693 | D:7      | Killed Prince Ribbit
  7813 | D:7      | Got a twisted ring mail
  7814 | D:7      | Identified the +1 ring mail of Yseawoti {Dex+2} (You found it on level 7 of the Dungeon)
  7868 | D:7      | Reached skill level 8 in Fighting
  7994 | D:7      | Reached XP level 10. HP: 86/88 MP: 14/14
  8021 | D:7      | Noticed Pikel
  8034 | D:7      | Killed Pikel
  8034 | D:7      | Reached skill level 5 in Evocations
  8074 | D:7      | Reached **** piety under Okawaru
  8196 | D:7      | Found a white marble altar of Elyvilon.
  8602 | D:8      | Found a flagged portal.
  8627 | Bailey   | Entered a bailey
  9663 | Bailey   | Reached ***** piety under Okawaru
 10016 | Bailey   | Reached skill level 9 in Fighting
 10908 | D:9      | Noticed Grum
 11016 | D:9      | Killed Grum
 11230 | D:9      | Reached XP level 11. HP: 88/97 MP: 13/16
 11305 | D:9      | Gained mutation: Your mind is acute. (Int +2) [mutagenic meat]
 11306 | D:9      | Gained mutation: You can translocate small distances at will. [mutagenic meat]
 11307 | D:9      | Gained mutation: Your system is resistant to poisons. (rPois) [mutagenic meat]
 11308 | D:9      | Gained mutation: You occasionally shout uncontrollably at your foes. [mutagenic meat]
 11309 | D:9      | Gained mutation: Your flesh is cold resistant. (rC+) [mutagenic meat]
 12467 | D:10     | Entered Level 10 of the Dungeon
 12630 | D:10     | Reached skill level 10 in Fighting
 12890 | D:10     | Got a polished dagger
 13044 | D:10     | Noticed a two-headed ogre
 13053 | D:10     | Killed a two-headed ogre
 13378 | D:10     | Received a gift from Okawaru
 14381 | D:10     | Lost mutation: You occasionally shout uncontrollably at your foes. [potion of mutation]
 14381 | D:10     | Lost mutation: Your system is resistant to poisons. (rPois) [potion of mutation]
 14381 | D:10     | Gained mutation: Your mind is very acute. (Int +4) [potion of mutation]
 14381 | D:10     | Gained mutation: You are agile. (Dex +2) [potion of mutation]
 14382 | D:10     | Lost mutation: You are agile. (Dex +2) [potion of mutation]
 14382 | D:10     | Lost mutation: Your mind is very acute. (Int +4) [potion of mutation]
 14382 | D:10     | Lost mutation: Your flesh is cold resistant. (rC+) [potion of mutation]
 14382 | D:10     | Lost mutation: Your mind is acute. (Int +2) [potion of mutation]
 14382 | D:10     | Gained mutation: You do not regenerate when monsters are visible. [potion of mutation]
 14382 | D:10     | Gained mutation: You are partially covered in rugged brown scales. (AC +1, +3% HP) [potion of mutation]
 14382 | D:10     | Gained mutation: You expend magic power (3 MP) to strengthen your wands. [potion of mutation]
 14382 | D:10     | Gained mutation: You possess an exceptional clarity of mind. [potion of mutation]
 14383 | D:10     | Lost mutation: You are partially covered in rugged brown scales. (AC +1, +3% HP) [potion of mutation]
 14383 | D:10     | Lost mutation: You possess an exceptional clarity of mind. [potion of mutation]
 14383 | D:10     | Lost mutation: You do not regenerate when monsters are visible. [potion of mutation]
 14383 | D:10     | Lost mutation: You can translocate small distances at will. [potion of mutation]
 14383 | D:10     | Gained mutation: Your spells are a little easier to cast, but a little less powerful. [potion of mutation]
 14383 | D:10     | Gained mutation: You are partially covered in molten scales. (AC +2) [potion of mutation]
 14383 | D:10     | Gained mutation: You have large cloven feet. [potion of mutation]
 14593 | D:11     | Noticed a green ugly thing
 14611 | D:11     | Killed a green ugly thing
 14611 | D:11     | Reached skill level 10 in Shields
 14705 | D:11     | Reached skill level 11 in Fighting
 14901 | D:11     | Received a gift from Okawaru
 14909 | D:11     | Got a pitted ring mail {god gift}
 14910 | D:11     | Identified the +1 ring mail "Ynecemaqet" {rElec rN+ Dex-3} (Okawaru gifted it to you on level 11 of the Dungeon)
 14984 | D:11     | Found a staircase to the Lair.
 15064 | Lair:1   | Entered Level 1 of the Lair of Beasts
 15465 | D:11     | Reached XP level 12. HP: 99/110 MP: 19/19
 16652 | D:11     | Gained mutation: You are partially covered in rugged brown scales. (AC +1, +3% HP) [mutagenic meat]
 16653 | D:11     | Lost mutation: You expend magic power (3 MP) to strengthen your wands. [mutagenic meat]
 16654 | D:11     | Gained mutation: You passively map a small area around you. [mutagenic meat]
 16655 | D:11     | Gained mutation: You have a pair of small horns on your head. [mutagenic meat]
 16767 | Lair:1   | Reached skill level 12 in Fighting
 17087 | Lair:1   | Noticed a seven-headed hydra
 17492 | Lair:1   | Killed a seven-headed hydra
 17564 | Lair:1   | Reached skill level 10 in Invocations
 17841 | Lair:1   | Reached skill level 10 in Armour
 18272 | Lair:1   | Noticed a four-headed hydra
 18281 | Lair:1   | Killed a four-headed hydra
 18415 | Lair:1   | Received a gift from Okawaru
 18415 | Lair:1   | Reached skill level 10 in Polearms
 18416 | Lair:1   | Got a pair of translucent boots {god gift}
 18451 | Lair:1   | Identified the +2 pair of boots of Serendipity {rElec rC+ Slay-5} (Okawaru gifted it to you on level 1 of the Lair of Beasts)
 18651 | Lair:2   | Lost mutation: Your spells are a little easier to cast, but a little less powerful. [potion of mutation]
 18651 | Lair:2   | Lost mutation: You have a pair of small horns on your head. [potion of mutation]
 18651 | Lair:2   | Lost mutation: You have large cloven feet. [potion of mutation]
 18651 | Lair:2   | Lost mutation: You passively map a small area around you. [potion of mutation]
 18651 | Lair:2   | Lost mutation: You are partially covered in molten scales. (AC +2) [potion of mutation]
 18651 | Lair:2   | Gained mutation: You have a pair of small horns on your head. [potion of mutation]
 18651 | Lair:2   | Gained mutation: You evolve. [potion of mutation]
 19021 | Lair:2   | Reached skill level 13 in Fighting
 19026 | Lair:2   | Reached XP level 13. HP: 105/125 MP: 20/20
 20223 | Lair:3   | Found a staircase to the Snake Pit.
 20297 | Lair:3   | Noticed Gastronok
 20326 | Lair:3   | Killed Gastronok
 20407 | Lair:3   | Found a runed door.
 21145 | Lair:3   | Gained mutation: You are resistant to hostile enchantments. (MR+) [evolution]
 21399 | Lair:4   | Found a sacrificial altar of Ru.
 21791 | Lair:4   | Found a staircase to the Shoals.
 22229 | Lair:4   | Reached skill level 14 in Fighting
 22234 | Lair:4   | Received a gift from Okawaru
 24085 | Lair:5   | Found a staircase to the Slime Pits.
 24346 | Lair:5   | Found a shattered altar of Ashenzari.
 24411 | Lair:5   | Reached XP level 14. HP: 121/136 MP: 22/22
 25096 | Lair:6   | Entered Level 6 of the Lair of Beasts
 25462 | Lair:6   | Reached skill level 15 in Fighting
 25599 | Lair:6   | Reached skill level 10 in Evocations
 25998 | Lair:6   | HP: 4/139 [wolf (6)]
 26217 | Lair:5   | Received a gift from Okawaru
 26416 | Lair:6   | Noticed Snorg
 26458 | Lair:6   | Killed Snorg
 27177 | Lair:6   | Reached skill level 15 in Shields
 27532 | Lair:6   | Reached skill level 16 in Fighting
 28309 | Lair:6   | Got an ichor-stained spear
 28615 | Lair:6   | Received a gift from Okawaru
 28876 | Lair:6   | Gained mutation: Your flesh is heat resistant. (rF+) [evolution]
 29136 | Lair:1   | Identified the +1 spear of the Ghost {holy, -Tele rN+ Dex+4} (You found it on level 6 of the Lair of Beasts)
 29626 | D:12     | Reached XP level 15. HP: 149/149 MP: 23/23
 29695 | D:12     | Gained mutation: You possess an exceptional clarity of mind. [mutagenic meat]
 29696 | D:12     | Gained mutation: You have sharp toenails. [mutagenic meat]
 29697 | D:12     | Gained mutation: You are dopey. (Int -2) [mutagenic meat]
 29767 | D:12     | Received a gift from Okawaru
 29768 | D:12     | Got a warped spear {god gift}
 29769 | D:12     | Identified the +1 spear of Untimely Demise {freeze, *Drain +Inv rN++ Stlth+} (Okawaru gifted it to you on level 12 of the Dungeon)
 29888 | D:12     | Found a sparkling altar of Nemelex Xobeh.
 29927 | D:12     | Noticed tailblues's ghost (journeyman DgWz)
 30009 | D:12     | Killed tailblues's ghost
 30523 | D:12     | Found a roughly hewn altar of Beogh.
 30523 | D:12     | Found a staircase to the Orcish Mines.
 30621 | Orc:1    | Entered Level 1 of the Orcish Mines
 30858 | Orc:2    | Entered Level 2 of the Orcish Mines
 31633 | Orc:2    | Found Ujueneol's Book Boutique.
 31965 | Orc:2    | Paralysed by an orc sorcerer for 5 turns
 32063 | Orc:2    | Reached skill level 17 in Fighting
 32073 | Orc:2    | Found Lynug's Antique Armour Emporium.
 32455 | Orc:2    | Noticed an orc warlord
 32473 | Orc:2    | Bought a steaming plate armour for 924 gold pieces
 32777 | Orc:1    | Killed an orc warlord
 32777 | Orc:1    | Received a gift from Okawaru
 33141 | Lair:1   | Identified the +4 plate armour "Coolilo" {Int+3} (You bought it in a shop on level 2 of the Orcish Mines)
 33355 | Orc:2    | Paralysed by an orc sorcerer for 5 turns
 33593 | Orc:2    | Found Jywkorar's General Store.
 33773 | Orc:2    | Found Gohahuil's Antique Weapon Shoppe.
 33776 | Orc:2    | Found a staircase to the Elven Halls.
 34397 | Snake:1  | Entered Level 1 of the Snake Pit
 34744 | Snake:1  | Noticed Asterion
 35032 | Elf:1    | Entered Level 1 of the Elven Halls
 35032 | Elf:1    | Noticed Azrael
 35117 | Orc:2    | Killed Azrael
 35135 | Elf:1    | Received a gift from Okawaru
 35187 | Elf:1    | Found Veuhunot's Antique Weapon Boutique.
 35379 | Elf:1    | Received a gift from Okawaru
 35380 | Elf:1    | Got a scorched demon trident {god gift}
 35384 | Elf:1    | Reached ****** piety under Okawaru
 35444 | Elf:1    | Reached XP level 16. HP: 158/161 MP: 24/24
 35714 | Elf:1    | Received a gift from Okawaru
 35794 | Elf:1    | Got a fine shortbow
 36388 | Elf:1    | Reached skill level 18 in Fighting
 36934 | Elf:2    | Found a runed gate.
 36934 | Elf:2    | Found a runed gate.
 36934 | Elf:2    | Found a runed gate.
 37289 | Elf:3    | Entered Level 3 of the Elven Halls
 37536 | Elf:3    | Received a gift from Okawaru
 37540 | Elf:3    | Got a pair of shimmering boots {god gift}
 37546 | Elf:3    | Got a transparent long sword
 37731 | Elf:3    | Noticed OmG's ghost (adept DsAr)
 37760 | Elf:3    | Killed OmG's ghost
 38245 | Elf:3    | Noticed a Tzitzimitl
 38245 | Elf:3    | Noticed a deep elf blademaster
 38246 | Elf:3    | Noticed a Tzitzimitl
 38266 | Elf:3    | Killed a deep elf blademaster
 38266 | Elf:3    | Reached XP level 17. HP: 109/170 MP: 6/26
 38271 | Elf:3    | Noticed a Hell Sentinel
 38570 | Elf:3    | Noticed a deep elf master archer
 38582 | Elf:3    | Noticed a deep elf blademaster
 39016 | Elf:3    | Killed a deep elf master archer
 39214 | Orc:2    | Bought a scroll of identify for 26 gold pieces
 39214 | Orc:2    | Bought a scroll of magic mapping for 45 gold pieces
 39214 | Orc:2    | Identified the +5 demon trident "Viujeam" {flame, rF+ rC+} (Okawaru gifted it to you on level 1 of the Elven Halls)
 39226 | Orc:2    | Identified the +2 pair of boots "Nuresch" {rC- Regen+ Int+8 Dex-3} (Okawaru gifted it to you on level 3 of the Elven Halls)
 39527 | Shoals:1 | Entered Level 1 of the Shoals
 39820 | Shoals:1 | Received a gift from Okawaru
 39821 | Shoals:1 | Got a pair of warped gloves {god gift}
 41211 | Elf:2    | Reached skill level 15 in Armour
 41328 | Elf:2    | Cast into level 3 of the Abyss (a deep elf sorcerer)
 41348 | Elf:2    | Escaped the Abyss
 41354 | Elf:2    | Reached skill level 15 in Polearms
 41433 | Elf:2    | Reached skill level 19 in Fighting
 41652 | Elf:2    | Reached XP level 18. HP: 130/181 MP: 20/27
 41790 | Elf:2    | Received a gift from Okawaru
 41897 | Elf:2    | Identified the +2 pair of gloves of the Sailor {rPois rC- Regen+} (Okawaru gifted it to you on level 1 of the Shoals)
 42275 | Lair:1   | Lost mutation: You evolve. [potion of mutation]
 42275 | Lair:1   | Lost mutation: You are dopey. (Int -2) [potion of mutation]
 42275 | Lair:1   | Gained mutation: Your flesh is cold resistant. (rC+) [potion of mutation]
 42275 | Lair:1   | Gained mutation: You are robust. (+10% HP) [potion of mutation]
 42682 | Elf:3    | Got an ancient battleaxe {protect}
 43060 | Elf:3    | Received a gift from Okawaru
 43104 | Elf:3    | Cast into level 2 of the Abyss (a deep elf demonologist)
 43195 | Abyss:2  | Noticed a bone dragon
 43224 | Abyss:2  | Killed a bone dragon
 43658 | Abyss:2  | Received a gift from Okawaru
 43666 | Elf:3    | Escaped the Abyss
 43880 | Elf:3    | Noticed a deep elf master archer
 43901 | Elf:3    | Noticed a Hell Sentinel
 43902 | Elf:3    | Noticed a Brimstone Fiend
 43952 | Elf:2    | Killed a deep elf blademaster
 43954 | Elf:2    | Got a translucent amber ring
 44161 | Elf:3    | Noticed a Tzitzimitl
 44353 | Elf:2    | Killed a deep elf master archer
 44355 | Elf:2    | Got a translucent marble ring
 44463 | Elf:3    | Noticed a Hell Sentinel
 44463 | Elf:3    | Noticed a Tzitzimitl
 44713 | Elf:3    | Got a jewelled shield
 45000 | Elf:3    | Received a gift from Okawaru
 45001 | Elf:3    | Got a faintly glowing shield {god gift}
 45166 | Elf:3    | Identified the Collected Works on the Congealing Birds
 45173 | Elf:3    | Got a pair of smoking boots
 45767 | Lair:1   | Identified the ring of Xom's Recklessness {Str+2 Int+3} (You took it off a deep elf master archer on level 2 of the Elven Halls)
 45769 | Lair:1   | Identified the ring "Ukhle" {rPois AC+3} (You took it off a deep elf blademaster on level 2 of the Elven Halls)
 45798 | Lair:1   | Identified the cursed +0 pair of boots "Roahooc" {rElec Str+7 Int+10} (You found it on level 3 of the Elven Halls)
 45833 | Lair:1   | Identified the +8 shield "Cudepp" {+Fly} (Okawaru gifted it to you on level 3 of the Elven Halls)
 45843 | Lair:1   | Identified the +2 shield of the Buccaneer {rElec Regen+ Dex-3} (You took it off a deep elf sorcerer on level 3 of the Elven Halls)
 46837 | Snake:1  | Killed Asterion
 46837 | Snake:1  | Reached XP level 19. HP: 205/207 MP: 29/29
 46952 | Snake:1  | Noticed Aizul
 46967 | Snake:1  | Killed Aizul
 47251 | Snake:1  | Noticed Roxanne
 47271 | Snake:1  | Killed Roxanne
 47272 | Snake:1  | Identified Roxanne's Papyrus of Earth (You took it off Roxanne on level 1 of the Snake Pit)
 47278 | Snake:1  | Got a twisted leather armour
 47904 | Snake:1  | Noticed Frances
 47915 | Snake:1  | Killed Frances
 48389 | Snake:2  | Reached skill level 20 in Fighting
 49382 | Snake:3  | Found Detim's Food Boutique.
 49382 | Snake:3  | Found Ahoxe's Armour Shop.
 49383 | Snake:3  | Found Allingaps's Jewellery Boutique.
 49387 | Snake:3  | Bought the ring "Qemapp" {Str+5 Dex-4 SInv Stlth+} for 457 gold pieces
 49413 | Snake:3  | Found Buihupt's Gadget Shop.
 49561 | Snake:3  | Got a wizard robe
 49595 | Snake:3  | Received a gift from Okawaru
 50143 | Snake:4  | Entered Level 4 of the Snake Pit
 50267 | Snake:4  | HP: 1/209 [nagaraja/halberd (12)]
 50269 | Snake:4  | Slain by a nagaraja

Skill      XL: |  1  2  3  4  5  6  7  8  9 10 11 12 13 14 15 16 17 18 19 |
---------------+----------------------------------------------------------+-----
Fighting       | 4 5 6 7 8 9 11 13 14 16 17 18 19 20 | 20.2
Armour         | 4 5 6 7 8 9 10 11 12 13 14 15 16 | 16.5
Shields        | 4 5 6 7 8 10 11 13 15 16 17 18 | 18.8
Polearms       | 3 4 5 6 7 9 10 11 12 13 14 15 16 | 16.3
Invocations    | 1 2 4 6 7 9 10 11 | 11.1
Evocations     | 1 2 3 4 6 7 8 9 10 11 12 13 14 | 14.6

Action                   |  1- 3 |  4- 6 |  7- 9 | 10-12 | 13-15 | 16-18 | 19-21 || total
-------------------------+-------+-------+-------+-------+-------+-------+-------++-------
Melee: Trident           |   104 |   303 |   357 |  1320 |  1577 |       |       ||  3661
       Headbutt          |       |       |       |    46 |   336 |   165 |    88 ||   635
       Demon trident     |       |       |       |       |   292 |  1418 |   383 ||  2093
Invok: Heroism           |       |       |     6 |    21 |    17 |    11 |       ||    55
       Finesse           |       |       |       |     6 |     6 |     4 |       ||    16
Evoke: Wand              |       |       |       |       |     4 |     3 |       ||     7
       Phial of floods   |       |       |       |       |     1 |     2 |     1 ||     4
       Fan of gales      |       |       |       |       |       |       |     1 ||     1
  Use: Potion            |       |     1 |       |     6 |     3 |     5 |     1 ||    16
       Scroll            |       |       |     2 |    27 |     9 |     6 |     1 ||    45
 Stab: Confused          |       |       |       |       |     5 |       |       ||     5
  Eat: Chunk             |     2 |     9 |     7 |    36 |    44 |    31 |    10 ||   139
       Royal jelly       |       |     1 |     1 |       |     4 |     1 |       ||     7
       Meat ration       |       |       |     1 |     2 |     1 |       |       ||     4
       Fruit             |       |       |       |     1 |     1 |     2 |       ||     4
       Bread ration      |       |       |       |       |     1 |       |       ||     1
Armor: Scale mail        |    38 |       |       |   134 |       |       |       ||   172
       Chain mail        |     4 |   149 |   125 |   199 |       |       |       ||   477
       Ring mail         |       |       |       |   116 |   333 |    30 |       ||   479
       Plate armour      |       |       |       |       |   103 |   356 |    58 ||   517
Dodge: Dodged            |    24 |    75 |    54 |   269 |   395 |   161 |    38 ||  1016
Block: Shield            |    44 |   143 |   129 |   595 |   896 |   479 |   376 ||  2662
       Reflection        |       |       |       |       |       |     2 |    53 ||    55
